 Dungeon Crawl Stone Soup version 0.31-a0-1388-g4b2ba238e7 (webtiles) character file.

Game seed: 647399219264350597

655 MisterAzrael the Ruffian (level 7, -5/43 HPs)
             Began as an Octopode Shapeshifter on Dec 24, 2023.
             Slain by a troll (18 damage)
             ... on level 5 of the Dungeon.
             The game lasted 00:05:10 (3831 turns).

MisterAzrael the Ruffian (Octopode Shapeshifter)    Turns: 3831, Time: 00:05:11

Health: -5/43      AC:  5    Str: 15    XL:     7   Next: 54%
Magic:  7/7        EV: 13    Int: 12    God:
Gold:   154        SH:  0    Dex: 15    Spells: 3/6 levels left

rFire   . .          .
                       - Unarmed
rCold   . . .        (no shield)
rNeg    . . .        (helmet currently unavailable)
rPois   .            (no amulet)
rElec   .            j - ring "Roev" {AC+4 Dex+3}
rCorr   .            (no ring)
SInv    .            (no ring)
Will    .....        (no ring)
Stlth   ++++         (no ring)
HPRegen 0.27/turn    (no ring)
MPRegen 0.10/turn    (no ring)
                     (no ring)

%: no passive effects
@: beast-form
A: beast (slay +2), almost no armour, amphibious, 8 rings, camouflage 1,
gelatinous body 1, (nimble swimmer 1), tentacles
a: Begin Untransformation


You were on level 5 of the Dungeon.
You were a hulking beast.
You visited 1 branch of the dungeon, and saw 5 of its levels.

You collected 154 gold pieces.

Inventory:

Jewellery
 j - the ring "Roev" (left tentacle) {AC+4 Dex+3}
   (You found it on level 2 of the Dungeon)

   [ring of protection]

   AC+4:      It affects your AC (+4).
   Dex+3:     It affects your dexterity (+3).
Talismans
 b - a beast talisman
 c - a flux talisman
 k - a serpent talisman
Scrolls
 e - 3 scrolls of enchant weapon {unknown}
 f - a scroll of noise {unknown}
 g - 3 scrolls of fear {unknown}
 h - a scroll of enchant armour {unknown}
 i - a scroll of vulnerability {unknown}
 l - a scroll of teleportation {unknown}
 m - a scroll of brand weapon {unknown}
 n - 2 scrolls of identify {unknown}
 o - a scroll of immolation {unknown}
Potions
 a - a potion of lignification
 d - a potion of curing


   Skills:
 - Level 1.0 Fighting
 - Level 2.0 Dodging
 + Level 5.3 Stealth
 * Level 5.8 Unarmed Combat
 - Level 2.2 Ice Magic
 * Level 4.7 Shapeshifting


You had 3 spell levels left.
You knew the following spells:

 Your Spells              Type           Power      Damage    Failure   Level
a - Frozen Ramparts       Ice            10%        1d2       38%         3

Your spell library contained the following spells:

 Spells                   Type           Power      Damage    Failure   Level
 Freeze                   Ice            20%        1d4       14%         1
 Shock                    Conj/Air       0%         1d3       32%         1
 Hailstorm                Conj/Ice       2%         3d5       54%         3
 Swiftness                Air            0%         N/A       69%         3
 Volatile Blastmotes      Fire/Tloc      0%         2d10      69%         3
 Airstrike                Air            0%         2d(0-16)  97%         4
 Fulminant Prism          Conj/Alch      0%         3d5       97%         4
 Iskenderun's Mystic Bla  Conj/Tloc      0%         2d3       97%         4


Dungeon Overview and Level Annotations

Branches:
Dungeon (5/15)
 Temple: D:4-7

Altars:
Dithmenos
Qazlal
Wu Jian
Xom


Innate Abilities, Weirdness & Mutations

You are a hulking beast.
Your limbs bulge with bestial killing power. (Slay +2)
You cannot wear most types of armour.
You are amphibious.
You can wear up to eight rings at the same time.
Your skin changes colour to match your surroundings (Stealth+).
Your rubbery body absorbs attacks. (AC +1, EV +1)
((You are camouflaged when in or above water. (Stealth+)))
You have tentacles for arms and can constrict up to eight enemies at once.


Message History

As you open the door, it creaks loudly!
Done exploring.
Done exploring.
No target in view!
What level of the Dungeon? (default 5, ? - help)
There is an open door here.
There is a stone staircase leading down here.
You climb downwards.
There is a stone staircase leading up here.
An ogre comes into view. It is wielding a +0 giant club.
The ogre shouts!
The ogre moves out of view.
The ogre hits you with a +0 giant club!!
You bludgeon the ogre!
The ogre is moderately wounded.
You tentacle-slap the ogre. You squeeze the ogre!
You kill the ogre!
You see here a +0 giant club.
You start resting.
HP restored.
You start waiting.
Done waiting.
Found an escape hatch in the floor.
Found 7 stones.
Found a stone staircase leading up.
No target in view!
A troll comes into view.
You see here 2 scrolls labelled FIEQIL ZYGA.
Found a scale mail and a ring mail.
The troll shouts!
Found 2 gold pieces.
You bludgeon the troll!
The troll is lightly wounded.
The troll closely misses you. The troll barely misses you. The troll claws you.
You completely miss the troll.
The troll is lightly wounded.
The troll bites you! The troll barely misses you. The troll claws you!
You bludgeon the troll!
The troll is moderately wounded.
The troll bites you!!
You die...

$# .# .####. #
##### #.....
##.##...#####....#
...#.............##
.................#
#.........hT....#
#......?#..[..[...
##.....##.#...###.
##....##.#...#
#..#.##.#####
##.##.##.#
#.###...#.##.#
#<.....>...(.#
#####...#.###


You could see a troll.

Vanquished Creatures
  Grinder (D:3)
  An ogre (D:5)
  A scorpion (D:4)
  3 crimson imps (D:4)
  A hound (D:4)
  2 bombardier beetles (D:3)
  Terence (D:3)
  2 adders
  2 worms (D:2)
  2 dart slugs
  3 ball pythons
  9 endoplasms
  A giant cockroach (D:1)
  4 goblins
  6 hobgoblins
  2 jackals (D:1)
  7 kobolds
  A quokka (D:1)
  5 bats
  4 frilled lizards
  2 rats
60 creatures vanquished.

Vanquished Creatures (others)
  An endoplasm (D:3)
1 creature vanquished.

Grand Total: 61 creatures vanquished

Notes
Turn   | Place    | Note
-------+----------+-------------------------------------------
     0 | D:1      | MisterAzrael the Octopode Shapeshifter began the quest for
                  | the Orb.
     0 | D:1      | Reached XP level 1. HP: 13/13 MP: 1/1
    45 | D:1      | Reached skill level 1 in Stealth
   138 | D:1      | Reached XP level 2. HP: 18/18 MP: 2/2
   434 | D:1      | Reached XP level 3. HP: 23/23 MP: 3/3
  1143 | D:2      | Reached XP level 4. HP: 28/28 MP: 4/4
  1152 | D:2      | Identified the ring "Roev" {AC+4 Dex+3}
  1601 | D:3      | Found a stormy altar of Qazlal.
  1602 | D:3      | Noticed a water elemental
  1603 | D:3      | Noticed a fire elemental
  1603 | D:3      | Noticed an air elemental
  1603 | D:3      | Noticed an earth elemental
  1902 | D:3      | Noticed Terence
  1912 | D:3      | Killed Terence
  1913 | D:3      | Reached XP level 5. HP: 12/33 MP: 5/5
  2028 | D:3      | Found a faded altar of an unknown god.
  2028 | D:3      | Noticed Grinder
  2112 | D:3      | Learned a level 3 spell: Frozen Ramparts
  2142 | D:3      | Killed Grinder
  2143 | D:3      | Reached skill level 5 in Unarmed Combat
  2143 | D:3      | Reached skill level 1 in Ice Magic
  2143 | D:3      | Reached XP level 6. HP: 16/38 MP: 6/6
  2446 | D:4      | Found a shadowy altar of Dithmenos.
  2765 | D:4      | Found an ornate altar of the Wu Jian Council.
  2838 | D:4      | Reached XP level 7. HP: 41/43 MP: 7/7
  3122 | D:4      | Found a shimmering altar of Xom.
  3137 | D:4      | Reached skill level 5 in Stealth
  3588 | D:5      | Entered Level 5 of the Dungeon
  3825 | D:5      | Noticed a troll
  3831 | D:5      | Slain by a troll

Illustrated notes

Levels and vault maps discovered:
D:1:      eino_arrival_druids_welcome, layout_loops_ring
D:2:      layout_basic
D:3:      layout_rooms, nicolae_qazlal_style_of_elements,
          hellmonk_ecumenical_altar_slurped_away, uniq_grinder, uniq_terence
D:4:      layout_loops_corners, nzn_wu_jian_contemplation,
          nicolae_dithmenos_the_darkroom, led_xom_imps
D:5:      layout_loops_ring, led_sif_book, old_standard_altar,
          kennysheep_generic_room_14

Skill      XL: |  1  2  3  4  5  6  7 |
---------------+----------------------+-----
Stealth        | 1 2 3 4 5 |  5.3
Unarmed Combat | 4 5 |  5.8
Ice Magic      | 1 2 |  2.2
Shapeshifting  | 4 |  4.7
Fighting       | |  1.0
Dodging        | |  2.0

Action                     |  1- 3 |  4- 6 |  7- 9 || total
---------------------------+-------+-------+-------++-------
  Melee: Unarmed           |    64 |    41 |    22 ||   127
         Constrict         |    15 |    12 |     5 ||    32
         Tentacles         |    10 |    10 |     4 ||    24
         Punch             |       |     2 |     1 ||     3
    Use: Potion            |       |     2 |       ||     2
   Stab: Sleeping          |    14 |     7 |       ||    21
 Armour: Skin              |    18 |    18 |    17 ||    53
  Dodge: Dodged            |    21 |    10 |    12 ||    43

Table legend: (Time is in decaauts)
 A = Elapsed time spent in this place.
 B = Non-inter-level travel time spent in this place.
 C = Inter-level travel time spent in this place.
 D = Time resting spent in this place.
 E = Time spent auto-exploring this place.
 F = Levels seen in this place.
 G = Mean time per level.
                   A        B        C        D        E       F      G
               +--------+--------+--------+--------+--------+-----+--------+
         Total |   3819 |   3724 |     95 |    681 |   2508 |   5 |  763.8 |
       Dungeon |   3819 |   3724 |     95 |    681 |   2508 |   5 |  763.8 |
               +--------+--------+--------+--------+--------+-----+--------+

Top non-repeatable levels by time:
     D:4: 1212 daAuts
     D:2: 853 daAuts
     D:3: 774 daAuts
     D:1: 737 daAuts
     D:5: 242 daAuts
